 Dungeon Crawl Stone Soup version 0.27.1-33-g824d729ab1 (webtiles) character file.

Game seed: 15720974022730893661

0 comborobin the Covert (level 1, -2/23 HPs)
             Began as a Gnoll Delver on Dec 27, 2021.
             Slain by a yak (10 damage)
             ... on level 6 of the Dungeon.
             The game lasted 00:00:43 (148 turns).

comborobin the Covert (Gnoll Delver)                 Turns: 148, Time: 00:00:44

Health: -2/23      AC:  3    Str: 11    XL:     1   Next: 0%
Magic:  1/1        EV: 13    Int:  9    God:
Gold:   40         SH:  0    Dex: 13    Spells: 0/0 levels left

rFire    . . .     SeeInvis .     - Unarmed
rCold    . . .     Faith    .   (no shield)
rNeg     . . .     Spirit   .   a - +0 leather armour
rPois    .         Reflect  .   (no helmet)
rElec    .         Harm     .   (no cloak)
rCorr    .         Rampage  .   (no gloves)
Will     .....                  (no boots)
Stlth    ++++......             (no amulet)
HPRegen  0.07/turn              (no ring)
MPRegen  0.07/turn              (no ring)

@: hasted, very quick
A: fangs 1, strong nose, distributed training
a: no special abilities


You were on level 6 of the Dungeon.
You visited 1 branch of the dungeon, and saw 2 of its levels.

You collected 40 gold pieces.

Inventory:

Missiles
 h - 2 throwing nets (quivered)
Armour
 a - a +0 leather armour (worn)
Wands
 f - a wand of digging (3)
Scrolls
 b - a scroll of fog
 c - a scroll of magic mapping
 d - a scroll of fear
 j - a scroll of blinking {unknown}
 k - a scroll of identify {unknown}
Potions
 e - a potion of might {unknown}
 g - a potion of flight {unknown}
 i - a potion of magic {unknown}


   Skills:
 + Level 6.4 Fighting
 + Level 0.0 Short Blades
 + Level 0.0 Long Blades
 + Level 0.0 Axes
 + Level 0.0 Maces & Flails
 + Level 0.0 Polearms
 + Level 0.0 Staves
 + Level 0.0 Slings
 + Level 0.0 Bows
 + Level 0.0 Crossbows
 + Level 0.0 Throwing
 + Level 0.0 Armour
 + Level 4.4 Dodging
 + Level 9.5 Stealth
 + Level 0.0 Shields
 + Level 4.4 Unarmed Combat
 + Level 0.0 Spellcasting
 + Level 0.0 Conjurations
 + Level 0.0 Hexes
 + Level 0.0 Summonings
 + Level 0.0 Necromancy
 + Level 0.0 Translocations
 + Level 0.0 Transmutations
 + Level 0.0 Fire Magic
 + Level 0.0 Ice Magic
 + Level 0.0 Air Magic
 + Level 0.0 Earth Magic
 + Level 0.0 Poison Magic
 + Level 0.0 Invocations
 + Level 0.0 Evocations


You couldn't memorise any spells.
You didn't know any spells.
Your spell library contained the following spells:

 Spells                   Type           Power      Damage    Failure   Level
 Conjure Flame            Conj/Fire      0%         6-21      85%         3
 Ignite Poison            Fire/Tmut/Pois 0%         N/A       85%         3
 Sticky Flame             Conj/Fire      0%         2d3       99%         4


Dungeon Overview and Level Annotations

Branches:
Dungeon (6/15)
 Temple: D:4-7

Altars:


Innate Abilities, Weirdness & Mutations

You have very sharp teeth.
Your uncanny sense of smell can sniff out nearby items.
Your experience applies equally to all skills.


Message History

Found an inky potion.
Found 14 gold pieces.
You see here an inky potion.
e - an inky potion A bullfrog comes into view.
Found a pair of gloves and a chain mail.
You hit the bullfrog.
The bullfrog is lightly wounded.
The bullfrog swells and bulges.
The bullfrog hits you.
You completely miss the bullfrog.
The bullfrog is lightly wounded.
The bullfrog barely misses you.
You hit the bullfrog.
The bullfrog is heavily wounded.
The bullfrog misses you.
You hit the bullfrog.
The bullfrog is heavily wounded.
You barely miss the bullfrog.
The bullfrog is heavily wounded.
The bullfrog closely misses you. The bullfrog barely misses you.
You hit the bullfrog.
The bullfrog is severely wounded.
The bullfrog hits you! The bullfrog hits you.
You punch the bullfrog!
The bullfrog is almost dead.
The bullfrog hits you.
You closely miss the bullfrog.
You bite the bullfrog, but do no damage.
The bullfrog is almost dead.
The bullfrog misses you. The bullfrog completely misses you.
You miss the bullfrog.
The bullfrog is almost dead.
The bullfrog hits you but does no damage.
You hit the bullfrog.
You kill the bullfrog!
The yak gores you!
You die...

..........#....##......
.....Y....##......[.....
..Y.....................
#...#...................
#..##..#..........#.....
..###........Y....#.....
.......#........Y......#
....$.####..#.YYY.......
....... #...Y##@.......
#...... #.####.........
#..... #.# #.....##..
... ... ........ . ....
.........#
.............#
..........##
..........##


You could see 5 yaks.

Vanquished Creatures
  A bullfrog (D:6)
1 creature vanquished.

Notes
Turn   | Place    | Note
-------+----------+-------------------------------------------
     0 | D:5      | Reached skill level 9 in Stealth
     0 | D:5      | comborobin the Gnoll Delver began the quest for the Orb.
     0 | D:5      | Reached XP level 1. HP: 23/23 MP: 1/1
    92 | D:6      | Noticed a yak
    93 | D:6      | Noticed a yak
    94 | D:6      | Noticed a yak
    94 | D:6      | Noticed a yak
    94 | D:6      | Noticed a yak
    97 | D:6      | Noticed a yak
   132 | D:6      | Noticed a bullfrog
   148 | D:6      | Killed a bullfrog
   148 | D:6      | Slain by a yak

Illustrated notes

Levels and vault maps discovered:
D:5:      layout_basic, lemuel_doored_altar, gammafunk_temple_overflow_wave,
          grunt_decor_one_mirror, nicolae_shop_self_help
D:6:      layout_cave_pools, serial_shops, nicolae_square_shop,
          gup_sewer_entry_bubbles, ebering_ghost_sewer_f

Skill      XL: | |
---------------+-+-----
Stealth        | |  9.5
Fighting       | |  6.4
Dodging        | |  4.4
Unarmed Combat | |  4.4

Action                   || total
-------------------------++-------
Melee: Unarmed           ||    10
       Bite              ||     1
  Use: Potion            ||     1
Armor: Leather armour    ||     1
Dodge: Dodged            ||     8
